2943 views
Uploaded 2019-12-04 20:08:49
Game version 1.32.0.3 / 1.32.0.3.1
37:51 long 4on4 ladder game on (8)TwilightRuins_LV
Saved by BEARAND
2943 views
Uploaded 2019-12-04 20:08:49
Game version 1.32.0.3 / 1.32.0.3.1
37:51 long 4on4 ladder game on (8)TwilightRuins_LV


112 units @ 12.7k
/ 1.3k
456 buildings @ 24.4k
/ 13.3k



x1)
| Rod of Necromancy | 1 | 150 |
| Ritual Dagger | 1 | 125 |
| Orb of Corruption | 3 | 1125 |
| Tome of Retraining | 1 | 300 |
| Boots of Speed | 1 | 250 |
| Staff of Teleportation | 3 | 450 |
| Staff of Sanctuary | 3 | 750 |
| Cloak of Flames | 1 | 500 |
| Ancient Janggo of Endurance | 1 | 500 |
| total: | 15 | 4150g |
| Acolyte | 10 | 750 | / | 0 |
| Ghoul | 10 | 1200 | / | 0 |
| total: | 20 | 1950g | / | 0w |
| Altar of Darkness | 1 | 180 | / | 50 |
| Crypt | 4 | 800 | / | 200 |
| Ziggurat | 5 | 750 | / | 250 |
| Tomb of Relics | 5 | 650 | / | 150 |
| Graveyard | 1 | 215 | / | 0 |
| Sacrificial Pit | 1 | 75 | / | 150 |
| Slaughterhouse | 1 | 140 | / | 135 |
| Halls of the Dead | 1 | 320 | / | 210 |
| Black Citadel | 1 | 325 | / | 230 |
| total: | 18 | 2810g | / | 935w |
| 0:01 | Acolyte |
| 0:12 | Altar of Darkness |
| 0:19 | Crypt |
| 0:20 | Acolyte |
| 0:33 | Ziggurat |
| 1:08 | Tomb of Relics |
| 1:12 | Tomb of Relics |
| 1:20 | Ghoul |
| 1:26 | Ghoul |
| 1:41 | Acolyte |
| 1:44 | Ghoul |
| 1:50 | Ziggurat |
| 2:25 | Carrion Beetles |
| 2:30 | Ghoul |
| 2:45 | Acolyte |
| 2:54 | Ghoul |
| 2:58 | Halls of the Dead |
| 3:42 | Rod of Necromancy |
| 3:43 | Ritual Dagger |
| 4:24 | Ghoul |
| 4:44 | Spiked Carapace |
| 5:47 | Black Citadel |
| 6:42 | Death Coil |
| 8:25 | Ziggurat |
| 8:34 | Carrion Beetles |
| 9:20 | Ziggurat |
| 9:57 | Unholy Aura |
| 10:05 | Tome of Retraining |
| 10:05 | Retrain Hero |
| 10:08 | Impale |
| 10:08 | Impale |
| 10:09 | Spiked Carapace |
| 10:14 | Boots of Speed |
| 10:15 | Staff of Teleportation |
| 10:58 | Ghoul |
| 10:58 | Ghoul |
| 11:13 | Graveyard |
| 11:21 | Silence |
| 12:19 | Ghoul |
| 12:35 | Tomb of Relics |
| 12:37 | Tomb of Relics |
| 12:38 | Tomb of Relics |
| 13:29 | Ghoul Frenzy |
| 13:30 | Ghoul |
| 13:55 | Cloak of Flames |
| 14:28 | Death Coil |
| 14:29 | Life Drain |
| 15:06 | Web |
| 15:12 | Crypt |
| 15:13 | Crypt |
| 15:14 | Crypt |
| 15:17 | Creature Carapace |
| 16:00 | Acolyte |
| 16:05 | Sacrificial Pit |
| 16:38 | Orb of Corruption |
| 16:45 | Orb of Corruption |
| 17:00 | Staff of Sanctuary |
| 17:11 | Orb of Corruption |
| 17:49 | Ancient Janggo of Endurance |
| 18:07 | Slaughterhouse |
| 19:22 | Staff of Teleportation |
| 19:40 | Acolyte |
| 20:42 | Spiked Carapace |
| 20:51 | Staff of Teleportation |
| 21:59 | Acolyte |
| 21:59 | Acolyte |
| 21:59 | Acolyte |
| 22:00 | Acolyte |
| 23:23 | Staff of Sanctuary |
| 23:26 | Staff of Sanctuary |
| 24:47 | Unholy Aura |
| 27:03 | Silence |
| 32:39 | Life Drain |
| 33:08 | Impale |
| 33:52 | Ziggurat |
| 34:32 | Death Coil |
| Right click | 1919 |
| Select | 1012 |
| Select group | 732 |
| Assign group | 323 |
| Resource trade | 108 |
| Build/train/purchase | 89 |
| Use ability | 86 |
| Chat | 27 |
| Minimap ping | 25 |
| Item give/drop | 7 |
| Misc. action | 6 |
| Remove unit | 1 |
⇛
iggythefisk
(37:49) : 
| Healing Salve | 4 | 400 |
| Lesser Clarity Potion | 7 | 490 |
| Scroll of Speed | 1 | 50 |
| Orb of Lightning | 1 | 375 |
| Boots of Speed | 1 | 250 |
| Staff of Teleportation | 1 | 150 |
| Circlet of Nobility | 1 | 175 |
| Staff of Sanctuary | 1 | 250 |
| total: | 17 | 2140g |
| Peon | 13 | 975 | / | 0 |
| Kodo Beast | 5 | 1275 | / | 300 |
| Troll Batrider | 17 | 2720 | / | 680 |
| total: | 35 | 4970g | / | 980w |
| Watch Tower | 28 | 3080 | / | 2240 |
| Altar of Storms | 1 | 180 | / | 50 |
| Orc Burrow | 11 | 1760 | / | 440 |
| War Mill | 1 | 205 | / | 0 |
| Voodoo Lounge | 3 | 390 | / | 90 |
| Beastiary | 3 | 435 | / | 420 |
| Stronghold | 1 | 315 | / | 190 |
| Fortress | 1 | 325 | / | 190 |
| total: | 47 | 6050g | / | 3240w |
| 0:05 | Altar of Storms |
| 0:05 | Peon |
| 0:12 | Peon |
| 0:21 | Orc Burrow |
| 0:22 | Peon |
| 0:31 | Peon |
| 0:52 | War Mill |
| 0:53 | Peon |
| 1:07 | Peon |
| 1:19 | Peon |
| 1:23 | Voodoo Lounge |
| 1:27 | Peon |
| 1:38 | Peon |
| 1:49 | Peon |
| 2:11 | Wind Walk |
| 2:16 | Watch Tower |
| 2:18 | Watch Tower |
| 2:23 | Peon |
| 2:30 | Watch Tower |
| 2:59 | Stronghold |
| 3:21 | Watch Tower |
| 4:12 | Watch Tower |
| 4:20 | Boots of Speed |
| 4:21 | Staff of Teleportation |
| 4:21 | Circlet of Nobility |
| 4:29 | Healing Salve |
| 4:31 | Lesser Clarity Potion |
| 4:32 | Healing Salve |
| 4:32 | Lesser Clarity Potion |
| 5:27 | Beastiary |
| 5:29 | Fortress |
| 5:31 | Spiked Barricades |
| 5:44 | Watch Tower |
| 5:51 | Critical Strike |
| 6:53 | Orc Burrow |
| 7:12 | Orc Burrow |
| 7:18 | Watch Tower |
| 7:54 | Kodo Beast |
| 7:55 | War Drums Damage Increase |
| 7:58 | Watch Tower |
| 7:59 | Watch Tower |
| 8:08 | Peon |
| 8:08 | Peon |
| 8:19 | Improved Spiked Barricades |
| 8:47 | Wind Walk |
| 9:06 | Kodo Beast |
| 9:08 | Watch Tower |
| 9:08 | Watch Tower |
| 9:39 | Critical Strike |
| 9:57 | Orc Burrow |
| 10:47 | Watch Tower |
| 10:49 | Watch Tower |
| 10:59 | Watch Tower |
| 11:02 | Watch Tower |
| 11:03 | Watch Tower |
| 11:12 | Kodo Beast |
| 11:12 | Kodo Beast |
| 11:42 | Lesser Clarity Potion |
| 11:42 | Scroll of Speed |
| 11:45 | Orb of Lightning |
| 14:07 | Reinforced Defenses |
| 14:11 | Kodo Beast |
| 14:16 | Healing Salve |
| 14:21 | Lesser Clarity Potion |
| 14:42 | Watch Tower |
| 14:43 | Watch Tower |
| 14:44 | Watch Tower |
| 14:48 | Staff of Sanctuary |
| 15:06 | Beastiary |
| 16:01 | Liquid Fire |
| 16:02 | Troll Batrider |
| 16:49 | Lesser Clarity Potion |
| 17:06 | Watch Tower |
| 17:10 | Troll Batrider |
| 17:14 | Watch Tower |
| 17:15 | Watch Tower |
| 17:16 | Watch Tower |
| 18:18 | Wind Walk |
| 19:07 | Voodoo Lounge |
| 19:42 | Troll Batrider |
| 19:42 | Troll Batrider |
| 19:52 | Lesser Clarity Potion |
| 20:12 | Troll Batrider |
| 20:59 | Voodoo Lounge |
| 21:00 | Watch Tower |
| 21:01 | Watch Tower |
| 22:17 | Troll Batrider |
| 22:17 | Troll Batrider |
| 22:23 | Troll Batrider |
| 22:23 | Troll Batrider |
| 23:09 | Troll Batrider |
| 23:24 | Orc Burrow |
| 23:25 | Orc Burrow |
| 23:31 | Beastiary |
| 23:50 | Orc Burrow |
| 24:05 | Healing Salve |
| 24:39 | Orc Burrow |
| 24:54 | Orc Burrow |
| 24:55 | Orc Burrow |
| 25:02 | Watch Tower |
| 25:03 | Watch Tower |
| 25:03 | Watch Tower |
| 25:15 | Bladestorm |
| 25:47 | Troll Batrider |
| 25:47 | Troll Batrider |
| 26:07 | Troll Batrider |
| 26:28 | Lesser Clarity Potion |
| 26:36 | Troll Batrider |
| 29:40 | Troll Batrider |
| 29:41 | Troll Batrider |
| 29:42 | Critical Strike |
| 32:16 | Backpack |
| 32:30 | Orc Burrow |
| 34:03 | Troll Batrider |
| 34:47 | Mirror Image |
| Right click | 2088 |
| Assign group | 1110 |
| Select group | 606 |
| Select | 368 |
| Build/train/purchase | 151 |
| Chat | 149 |
| Use ability | 94 |
| Resource trade | 37 |
| Item give/drop | 9 |
| Misc. action | 3 |
| Remove unit | 2 |



x1)
| Staff of Sanctuary | 4 | 1000 |
| Boots of Speed | 3 | 750 |
| Staff of Teleportation | 5 | 750 |
| Tome of Retraining | 1 | 300 |
| total: | 13 | 2800g |
| Peasant | 15 | 1125 | / | 0 |
| Sorceress | 1 | 155 | / | 20 |
| Priest | 3 | 405 | / | 30 |
| Dragonhawk Rider | 8 | 1600 | / | 240 |
| total: | 27 | 3285g | / | 290w |
| Scout Tower | 137 | 4110 | / | 2740 |
| Arcane Tower | 6 | 420 | / | 300 |
| Guard Tower | 70 | 4900 | / | 3500 |
| Altar of Kings | 1 | 180 | / | 50 |
| Farm | 11 | 880 | / | 220 |
| Lumber Mill | 1 | 120 | / | 0 |
| Arcane Vault | 3 | 390 | / | 90 |
| Blacksmith | 1 | 140 | / | 60 |
| Barracks | 1 | 160 | / | 60 |
| Town Hall | 1 | 385 | / | 205 |
| Arcane Sanctum | 1 | 150 | / | 140 |
| Gryphon Aviary | 1 | 140 | / | 150 |
| Keep | 1 | 320 | / | 210 |
| Castle | 1 | 360 | / | 210 |
| total: | 158 | 6655g | / | 3715w |
| 0:03 | Peasant |
| 0:03 | Peasant |
| 0:10 | Altar of Kings |
| 0:19 | Farm |
| 0:21 | Peasant |
| 0:33 | Peasant |
| 0:50 | Lumber Mill |
| 0:54 | Farm |
| 0:55 | Farm |
| 0:57 | Scout Tower |
| 1:03 | Peasant |
| 1:05 | Peasant |
| 1:18 | Peasant |
| 1:22 | Scout Tower |
| 1:25 | Peasant |
| 1:31 | Peasant |
| 1:37 | Arcane Tower |
| 1:52 | Scout Tower |
| 1:58 | Peasant |
| 2:00 | Guard Tower |
| 2:02 | Scout Tower |
| 2:14 | Summon Water Elemental |
| 2:23 | Scout Tower |
| 2:23 | Scout Tower |
| 2:24 | Scout Tower |
| 2:30 | Peasant |
| 2:32 | Guard Tower |
| 2:37 | Scout Tower |
| 2:54 | Arcane Tower |
| 2:55 | Scout Tower |
| 2:56 | Scout Tower |
| 3:00 | Scout Tower |
| 3:00 | Peasant |
| 3:01 | Peasant |
| 3:17 | Guard Tower |
| 3:18 | Scout Tower |
| 3:34 | Keep |
| 3:40 | Scout Tower |
| 3:57 | Guard Tower |
| 3:58 | Scout Tower |
| 3:59 | Guard Tower |
| 4:02 | Scout Tower |
| 4:09 | Farm |
| 4:10 | Farm |
| 4:14 | Brilliance Aura |
| 4:26 | Guard Tower |
| 4:28 | Guard Tower |
| 4:32 | Scout Tower |
| 4:33 | Guard Tower |
| 4:46 | Scout Tower |
| 5:01 | Guard Tower |
| 5:02 | Scout Tower |
| 5:04 | Improved Masonry |
| 5:05 | Guard Tower |
| 5:06 | Scout Tower |
| 5:07 | Scout Tower |
| 5:07 | Scout Tower |
| 5:15 | Guard Tower |
| 5:16 | Scout Tower |
| 5:32 | Guard Tower |
| 5:35 | Scout Tower |
| 5:37 | Scout Tower |
| 5:38 | Scout Tower |
| 5:38 | Scout Tower |
| 5:39 | Scout Tower |
| 5:39 | Scout Tower |
| 5:39 | Scout Tower |
| 5:45 | Guard Tower |
| 6:00 | Castle |
| 6:21 | Guard Tower |
| 6:23 | Arcane Tower |
| 6:24 | Guard Tower |
| 6:30 | Guard Tower |
| 6:31 | Advanced Masonry |
| 6:32 | Improved Lumber Harvesting |
| 6:35 | Guard Tower |
| 6:38 | Arcane Vault |
| 6:56 | Storm Bolt |
| 7:04 | Guard Tower |
| 7:06 | Scout Tower |
| 7:07 | Scout Tower |
| 7:07 | Scout Tower |
| 7:08 | Scout Tower |
| 7:08 | Scout Tower |
| 7:09 | Scout Tower |
| 7:35 | Summon Water Elemental |
| 7:45 | Scout Tower |
| 7:45 | Scout Tower |
| 7:46 | Scout Tower |
| 7:46 | Scout Tower |
| 7:47 | Scout Tower |
| 7:47 | Scout Tower |
| 8:03 | Guard Tower |
| 8:04 | Scout Tower |
| 8:05 | Scout Tower |
| 8:06 | Scout Tower |
| 8:06 | Scout Tower |
| 8:07 | Scout Tower |
| 8:10 | Guard Tower |
| 8:23 | Arcane Sanctum |
| 9:15 | Imbued Masonry |
| 9:18 | Arcane Vault |
| 9:19 | Arcane Vault |
| 9:52 | Holy Light |
| 10:11 | Guard Tower |
| 10:18 | Scout Tower |
| 10:19 | Scout Tower |
| 10:19 | Scout Tower |
| 10:20 | Scout Tower |
| 10:20 | Scout Tower |
| 10:21 | Scout Tower |
| 10:21 | Scout Tower |
| 10:22 | Scout Tower |
| 10:25 | Guard Tower |
| 10:42 | Staff of Sanctuary |
| 10:49 | Magic Sentry |
| 10:56 | Scout Tower |
| 11:08 | Boots of Speed |
| 11:08 | Staff of Teleportation |
| 11:10 | Staff of Teleportation |
| 11:11 | Staff of Teleportation |
| 11:35 | Scout Tower |
| 12:24 | Guard Tower |
| 12:25 | Scout Tower |
| 12:26 | Scout Tower |
| 12:27 | Scout Tower |
| 12:27 | Scout Tower |
| 12:40 | Sorceress |
| 12:40 | Sorceress Adept Training |
| 12:45 | Priest |
| 12:46 | Priest |
| 13:03 | Guard Tower |
| 13:06 | Advanced Lumber Harvesting |
| 13:23 | Bash |
| 13:26 | Guard Tower |
| 13:28 | Scout Tower |
| 13:29 | Scout Tower |
| 13:30 | Scout Tower |
| 13:30 | Scout Tower |
| 13:30 | Scout Tower |
| 13:31 | Scout Tower |
| 13:31 | Scout Tower |
| 13:32 | Scout Tower |
| 13:34 | Scout Tower |
| 13:35 | Scout Tower |
| 13:35 | Scout Tower |
| 13:35 | Scout Tower |
| 13:36 | Scout Tower |
| 13:36 | Scout Tower |
| 14:21 | Staff of Sanctuary |
| 14:52 | Farm |
| 14:53 | Farm |
| 14:54 | Farm |
| 14:58 | Boots of Speed |
| 14:59 | Staff of Teleportation |
| 15:08 | Gryphon Aviary |
| 15:09 | Blacksmith |
| 15:12 | Barracks |
| 15:13 | Guard Tower |
| 16:05 | Guard Tower |
| 16:12 | Divine Shield |
| 16:27 | Dragonhawk Rider |
| 16:29 | Dragonhawk Rider |
| 16:31 | Guard Tower |
| 16:56 | Staff of Sanctuary |
| 16:56 | Staff of Sanctuary |
| 17:19 | Staff of Teleportation |
| 17:40 | Boots of Speed |
| 18:08 | Farm |
| 18:10 | Farm |
| 18:24 | Town Hall |
| 18:26 | Scout Tower |
| 18:27 | Scout Tower |
| 18:27 | Scout Tower |
| 18:27 | Scout Tower |
| 18:28 | Scout Tower |
| 18:28 | Scout Tower |
| 18:29 | Scout Tower |
| 18:29 | Scout Tower |
| 18:30 | Scout Tower |
| 18:31 | Scout Tower |
| 18:31 | Scout Tower |
| 18:31 | Scout Tower |
| 18:32 | Scout Tower |
| 18:32 | Scout Tower |
| 18:33 | Scout Tower |
| 18:57 | Guard Tower |
| 19:22 | Guard Tower |
| 19:23 | Guard Tower |
| 19:26 | Animal War Training |
| 19:32 | Guard Tower |
| 19:49 | Guard Tower |
| 19:53 | Guard Tower |
| 20:18 | Guard Tower |
| 20:21 | Guard Tower |
| 20:26 | Guard Tower |
| 20:31 | Scout Tower |
| 20:33 | Scout Tower |
| 20:50 | Scout Tower |
| 20:50 | Scout Tower |
| 20:51 | Scout Tower |
| 20:52 | Scout Tower |
| 20:52 | Scout Tower |
| 20:53 | Scout Tower |
| 20:53 | Scout Tower |
| 20:53 | Scout Tower |
| 20:54 | Scout Tower |
| 20:54 | Scout Tower |
| 21:02 | Guard Tower |
| 21:07 | Arcane Tower |
| 21:12 | Guard Tower |
| 21:33 | Guard Tower |
| 21:34 | Scout Tower |
| 21:35 | Scout Tower |
| 21:35 | Scout Tower |
| 21:35 | Scout Tower |
| 21:36 | Scout Tower |
| 21:36 | Scout Tower |
| 21:36 | Scout Tower |
| 21:37 | Scout Tower |
| 21:40 | Peasant |
| 22:00 | Peasant |
| 22:02 | Guard Tower |
| 22:06 | Guard Tower |
| 22:09 | Guard Tower |
| 22:29 | Tome of Retraining |
| 22:29 | Retrain Hero |
| 22:31 | Blizzard |
| 22:31 | Brilliance Aura |
| 22:31 | Blizzard |
| 22:33 | Guard Tower |
| 22:41 | Dragonhawk Rider |
| 23:24 | Dragonhawk Rider |
| 23:25 | Iron Forged Swords |
| 23:25 | Studded Leather Armor |
| 23:52 | Guard Tower |
| 23:53 | Scout Tower |
| 23:54 | Scout Tower |
| 23:54 | Scout Tower |
| 23:55 | Scout Tower |
| 23:55 | Scout Tower |
| 23:56 | Scout Tower |
| 23:56 | Scout Tower |
| 23:56 | Scout Tower |
| 23:56 | Scout Tower |
| 23:57 | Scout Tower |
| 23:57 | Scout Tower |
| 23:58 | Scout Tower |
| 23:58 | Scout Tower |
| 24:00 | Guard Tower |
| 25:19 | Steel Forged Swords |
| 25:23 | Guard Tower |
| 25:26 | Scout Tower |
| 25:27 | Scout Tower |
| 25:56 | Scout Tower |
| 25:56 | Scout Tower |
| 25:57 | Scout Tower |
| 25:57 | Scout Tower |
| 25:58 | Scout Tower |
| 25:58 | Scout Tower |
| 25:59 | Scout Tower |
| 25:59 | Scout Tower |
| 25:59 | Scout Tower |
| 26:00 | Scout Tower |
| 26:00 | Scout Tower |
| 26:02 | Guard Tower |
| 26:11 | Dragonhawk Rider |
| 26:28 | Guard Tower |
| 26:30 | Scout Tower |
| 26:31 | Scout Tower |
| 26:31 | Guard Tower |
| 26:35 | Guard Tower |
| 26:41 | Dragonhawk Rider |
| 26:47 | Brilliance Aura |
| 26:50 | Guard Tower |
| 26:50 | Arcane Tower |
| 26:51 | Guard Tower |
| 26:57 | Guard Tower |
| 26:58 | Guard Tower |
| 26:58 | Guard Tower |
| 26:59 | Guard Tower |
| 27:18 | Guard Tower |
| 27:23 | Storm Bolt |
| 27:30 | Reinforced Leather Armor |
| 28:05 | Guard Tower |
| 28:10 | Guard Tower |
| 29:31 | Holy Light |
| 29:57 | Dragonhawk Rider |
| 30:23 | Priest |
| 30:42 | Dragonhawk Rider |
| 30:43 | Dragonhide Armor |
| 30:43 | Mithril Forged Swords |
| 33:10 | Guard Tower |
| 33:11 | Guard Tower |
| 33:41 | Farm |
| 33:57 | Cloud |
| 36:50 | Bash |
| 37:47 | Divine Shield |
| Right click | 2799 |
| Select group | 923 |
| Select | 697 |
| Build/train/purchase | 227 |
| Use ability | 170 |
| Misc. action | 43 |
| Assign group | 29 |
| Minimap ping | 29 |
| Chat | 25 |
| Remove unit | 5 |
| Item give/drop | 2 |
| Esc | 1 |



x1)
| Staff of Sanctuary | 3 | 750 |
| Staff of Teleportation | 3 | 450 |
| Boots of Speed | 3 | 750 |
| Periapt of Vitality | 3 | 975 |
| Tome of Retraining | 1 | 300 |
| Orb of Lightning | 4 | 1500 |
| Helm of Valor | 2 | 1000 |
| Legion Doom-Horn | 1 | 500 |
| Pendant of Energy | 1 | 300 |
| total: | 21 | 6525g |
| Peasant | 27 | 2025 | / | 0 |
| Priest | 2 | 270 | / | 20 |
| Sorceress | 1 | 155 | / | 20 |
| total: | 30 | 2450g | / | 40w |
| Scout Tower | 218 | 6540 | / | 4360 |
| Arcane Tower | 11 | 770 | / | 550 |
| Guard Tower | 55 | 3850 | / | 2750 |
| Altar of Kings | 1 | 180 | / | 50 |
| Farm | 4 | 320 | / | 80 |
| Lumber Mill | 1 | 120 | / | 0 |
| Town Hall | 2 | 770 | / | 410 |
| Arcane Vault | 3 | 390 | / | 90 |
| Barracks | 1 | 160 | / | 60 |
| Blacksmith | 1 | 140 | / | 60 |
| Arcane Sanctum | 1 | 150 | / | 140 |
| Gryphon Aviary | 1 | 140 | / | 150 |
| Keep | 1 | 320 | / | 210 |
| Castle | 1 | 360 | / | 210 |
| total: | 233 | 8910g | / | 5400w |
| 0:04 | Peasant |
| 0:04 | Peasant |
| 0:08 | Altar of Kings |
| 0:14 | Farm |
| 0:25 | Peasant |
| 0:33 | Peasant |
| 0:42 | Lumber Mill |
| 1:02 | Peasant |
| 1:02 | Peasant |
| 1:19 | Scout Tower |
| 1:29 | Farm |
| 1:31 | Peasant |
| 1:31 | Peasant |
| 1:53 | Arcane Tower |
| 1:54 | Scout Tower |
| 1:57 | Peasant |
| 1:57 | Peasant |
| 2:00 | Scout Tower |
| 2:12 | Peasant |
| 2:18 | Peasant |
| 2:22 | Guard Tower |
| 2:23 | Scout Tower |
| 2:27 | Scout Tower |
| 2:29 | Summon Water Elemental |
| 2:40 | Peasant |
| 2:42 | Arcane Tower |
| 2:44 | Scout Tower |
| 2:50 | Scout Tower |
| 2:51 | Guard Tower |
| 3:00 | Guard Tower |
| 3:03 | Peasant |
| 3:23 | Guard Tower |
| 3:59 | Brilliance Aura |
| 4:05 | Town Hall |
| 4:16 | Peasant |
| 4:22 | Scout Tower |
| 4:47 | Peasant |
| 5:03 | Peasant |
| 5:37 | Guard Tower |
| 5:41 | Scout Tower |
| 5:46 | Keep |
| 5:46 | Guard Tower |
| 6:06 | Scout Tower |
| 6:24 | Peasant |
| 6:24 | Peasant |
| 6:32 | Staff of Teleportation |
| 6:32 | Boots of Speed |
| 6:32 | Periapt of Vitality |
| 6:40 | Guard Tower |
| 6:43 | Scout Tower |
| 6:45 | Peasant |
| 6:47 | Guard Tower |
| 7:07 | Improved Masonry |
| 7:21 | Guard Tower |
| 7:22 | Scout Tower |
| 7:39 | Scout Tower |
| 7:39 | Scout Tower |
| 7:40 | Scout Tower |
| 7:44 | Scout Tower |
| 7:45 | Scout Tower |
| 7:46 | Scout Tower |
| 7:47 | Scout Tower |
| 8:14 | Improved Lumber Harvesting |
| 8:22 | Castle |
| 8:27 | Arcane Sanctum |
| 8:32 | Scout Tower |
| 8:33 | Scout Tower |
| 8:33 | Scout Tower |
| 8:34 | Scout Tower |
| 8:34 | Scout Tower |
| 8:36 | Guard Tower |
| 8:57 | Guard Tower |
| 9:10 | Storm Bolt |
| 9:25 | Guard Tower |
| 9:28 | Scout Tower |
| 9:29 | Scout Tower |
| 9:29 | Scout Tower |
| 10:05 | Brilliance Aura |
| 10:14 | Guard Tower |
| 10:16 | Scout Tower |
| 10:17 | Scout Tower |
| 10:30 | Magic Sentry |
| 10:31 | Guard Tower |
| 10:32 | Arcane Tower |
| 10:33 | Guard Tower |
| 10:36 | Peasant |
| 10:36 | Peasant |
| 10:42 | Scout Tower |
| 10:42 | Scout Tower |
| 10:48 | Arcane Vault |
| 10:53 | Arcane Vault |
| 10:54 | Arcane Vault |
| 11:03 | Farm |
| 11:05 | Guard Tower |
| 11:08 | Advanced Masonry |
| 11:33 | Guard Tower |
| 11:34 | Guard Tower |
| 11:45 | Staff of Teleportation |
| 11:46 | Boots of Speed |
| 11:46 | Periapt of Vitality |
| 11:47 | Periapt of Vitality |
| 12:22 | Peasant |
| 12:22 | Peasant |
| 12:22 | Peasant |
| 12:25 | Scout Tower |
| 12:26 | Scout Tower |
| 12:27 | Scout Tower |
| 12:28 | Scout Tower |
| 12:28 | Scout Tower |
| 12:30 | Scout Tower |
| 12:33 | Scout Tower |
| 12:33 | Scout Tower |
| 12:35 | Scout Tower |
| 12:36 | Scout Tower |
| 13:01 | Scout Tower |
| 13:02 | Scout Tower |
| 13:02 | Scout Tower |
| 13:03 | Scout Tower |
| 13:03 | Scout Tower |
| 13:03 | Scout Tower |
| 13:05 | Guard Tower |
| 13:19 | Holy Light |
| 13:27 | Imbued Masonry |
| 13:28 | Advanced Lumber Harvesting |
| 13:30 | Priest Adept Training |
| 13:32 | Farm |
| 13:41 | Bash |
| 13:52 | Scout Tower |
| 13:52 | Scout Tower |
| 13:53 | Scout Tower |
| 13:54 | Scout Tower |
| 13:55 | Scout Tower |
| 13:57 | Scout Tower |
| 13:57 | Scout Tower |
| 13:57 | Scout Tower |
| 14:04 | Guard Tower |
| 14:09 | Scout Tower |
| 14:10 | Scout Tower |
| 14:10 | Scout Tower |
| 14:11 | Scout Tower |
| 14:11 | Scout Tower |
| 14:18 | Staff of Sanctuary |
| 14:20 | Staff of Sanctuary |
| 14:24 | Staff of Sanctuary |
| 14:32 | Arcane Tower |
| 14:40 | Guard Tower |
| 14:48 | Peasant |
| 14:48 | Peasant |
| 14:50 | Priest |
| 14:51 | Sorceress |
| 14:56 | Scout Tower |
| 14:56 | Scout Tower |
| 14:57 | Scout Tower |
| 15:13 | Barracks |
| 15:15 | Blacksmith |
| 15:16 | Gryphon Aviary |
| 15:18 | Arcane Tower |
| 15:19 | Arcane Tower |
| 15:20 | Scout Tower |
| 15:20 | Scout Tower |
| 15:21 | Scout Tower |
| 15:21 | Scout Tower |
| 15:22 | Scout Tower |
| 15:43 | Helm of Valor |
| 15:45 | Legion Doom-Horn |
| 15:58 | Guard Tower |
| 16:10 | Guard Tower |
| 16:11 | Guard Tower |
| 16:11 | Guard Tower |
| 16:13 | Arcane Tower |
| 16:13 | Arcane Tower |
| 16:33 | Divine Shield |
| 16:53 | Priest Master Training |
| 16:54 | Sorceress Adept Training |
| 16:57 | Guard Tower |
| 17:00 | Scout Tower |
| 17:00 | Scout Tower |
| 17:01 | Scout Tower |
| 17:02 | Scout Tower |
| 17:02 | Scout Tower |
| 17:03 | Scout Tower |
| 17:03 | Scout Tower |
| 17:04 | Scout Tower |
| 17:10 | Staff of Teleportation |
| 17:10 | Boots of Speed |
| 17:32 | Arcane Tower |
| 17:37 | Cloud |
| 17:38 | Animal War Training |
| 17:39 | Studded Leather Armor |
| 17:48 | Tome of Retraining |
| 17:48 | Retrain Hero |
| 17:50 | Brilliance Aura |
| 17:50 | Brilliance Aura |
| 17:51 | Blizzard |
| 18:01 | Scout Tower |
| 18:02 | Scout Tower |
| 18:03 | Scout Tower |
| 18:03 | Scout Tower |
| 18:04 | Scout Tower |
| 18:04 | Scout Tower |
| 18:04 | Scout Tower |
| 18:05 | Scout Tower |
| 18:06 | Scout Tower |
| 18:08 | Scout Tower |
| 18:08 | Scout Tower |
| 18:09 | Scout Tower |
| 18:09 | Scout Tower |
| 18:10 | Scout Tower |
| 18:10 | Scout Tower |
| 18:11 | Scout Tower |
| 18:11 | Scout Tower |
| 18:46 | Guard Tower |
| 19:10 | Guard Tower |
| 19:21 | Scout Tower |
| 19:22 | Scout Tower |
| 19:22 | Scout Tower |
| 19:23 | Scout Tower |
| 19:23 | Scout Tower |
| 19:24 | Scout Tower |
| 19:26 | Guard Tower |
| 19:37 | Guard Tower |
| 19:46 | Sorceress Master Training |
| 19:47 | Scout Tower |
| 19:48 | Scout Tower |
| 19:49 | Scout Tower |
| 19:56 | Scout Tower |
| 19:56 | Scout Tower |
| 19:57 | Scout Tower |
| 19:57 | Scout Tower |
| 20:10 | Scout Tower |
| 20:11 | Scout Tower |
| 20:12 | Scout Tower |
| 20:12 | Scout Tower |
| 20:13 | Scout Tower |
| 20:13 | Scout Tower |
| 20:15 | Scout Tower |
| 20:16 | Scout Tower |
| 20:16 | Scout Tower |
| 20:17 | Scout Tower |
| 20:18 | Scout Tower |
| 20:18 | Scout Tower |
| 20:19 | Scout Tower |
| 20:19 | Scout Tower |
| 20:20 | Scout Tower |
| 20:21 | Scout Tower |
| 20:22 | Scout Tower |
| 20:23 | Scout Tower |
| 20:23 | Scout Tower |
| 20:24 | Scout Tower |
| 20:24 | Scout Tower |
| 20:25 | Scout Tower |
| 20:34 | Reinforced Leather Armor |
| 20:42 | Storm Bolt |
| 20:52 | Guard Tower |
| 20:54 | Guard Tower |
| 21:00 | Scout Tower |
| 21:01 | Scout Tower |
| 21:01 | Scout Tower |
| 21:02 | Scout Tower |
| 21:04 | Scout Tower |
| 21:05 | Scout Tower |
| 21:06 | Scout Tower |
| 21:06 | Scout Tower |
| 21:07 | Scout Tower |
| 21:08 | Scout Tower |
| 21:11 | Scout Tower |
| 21:12 | Scout Tower |
| 21:12 | Scout Tower |
| 21:13 | Scout Tower |
| 21:27 | Orb of Lightning |
| 21:27 | Orb of Lightning |
| 21:50 | Guard Tower |
| 21:52 | Guard Tower |
| 21:54 | Scout Tower |
| 21:55 | Scout Tower |
| 21:55 | Scout Tower |
| 21:56 | Scout Tower |
| 21:57 | Scout Tower |
| 21:58 | Scout Tower |
| 21:59 | Scout Tower |
| 22:00 | Scout Tower |
| 22:00 | Scout Tower |
| 22:00 | Scout Tower |
| 22:02 | Guard Tower |
| 22:03 | Scout Tower |
| 22:03 | Scout Tower |
| 22:04 | Scout Tower |
| 22:04 | Scout Tower |
| 22:05 | Scout Tower |
| 22:05 | Scout Tower |
| 22:06 | Scout Tower |
| 22:10 | Scout Tower |
| 22:10 | Scout Tower |
| 22:11 | Scout Tower |
| 22:11 | Scout Tower |
| 22:12 | Scout Tower |
| 22:22 | Guard Tower |
| 22:34 | Guard Tower |
| 22:43 | Orb of Lightning |
| 22:49 | Blizzard |
| 23:27 | Guard Tower |
| 23:30 | Guard Tower |
| 23:40 | Guard Tower |
| 23:44 | Scout Tower |
| 23:45 | Scout Tower |
| 23:45 | Scout Tower |
| 23:46 | Scout Tower |
| 23:51 | Holy Light |
| 23:57 | Guard Tower |
| 24:37 | Guard Tower |
| 25:04 | Guard Tower |
| 25:15 | Guard Tower |
| 25:33 | Guard Tower |
| 26:02 | Guard Tower |
| 26:08 | Orb of Lightning |
| 26:15 | Bash |
| 26:27 | Pendant of Energy |
| 26:46 | Guard Tower |
| 26:49 | Arcane Tower |
| 27:05 | Scout Tower |
| 27:11 | Scout Tower |
| 27:13 | Scout Tower |
| 27:23 | Guard Tower |
| 29:00 | Guard Tower |
| 30:18 | Guard Tower |
| 30:21 | Scout Tower |
| 30:22 | Scout Tower |
| 30:23 | Scout Tower |
| 30:23 | Scout Tower |
| 30:50 | Helm of Valor |
| 31:35 | Scout Tower |
| 31:36 | Scout Tower |
| 32:35 | Scout Tower |
| 32:36 | Guard Tower |
| 32:51 | Devotion Aura |
| 33:07 | Priest |
| 33:13 | Arcane Tower |
| 33:31 | Scout Tower |
| 33:31 | Scout Tower |
| 33:32 | Scout Tower |
| 33:32 | Scout Tower |
| 33:33 | Scout Tower |
| 33:34 | Scout Tower |
| 34:50 | Town Hall |
| 34:52 | Scout Tower |
| 34:53 | Scout Tower |
| 34:54 | Scout Tower |
| 34:54 | Scout Tower |
| 34:55 | Scout Tower |
| 34:55 | Scout Tower |
| 34:56 | Scout Tower |
| 34:57 | Scout Tower |
| 34:57 | Scout Tower |
| 34:58 | Scout Tower |
| 35:01 | Scout Tower |
| 35:02 | Scout Tower |
| 35:03 | Scout Tower |
| 35:03 | Scout Tower |
| 35:04 | Scout Tower |
| 35:07 | Guard Tower |
| 35:23 | Guard Tower |
| 35:31 | Scout Tower |
| 35:32 | Scout Tower |
| 35:33 | Scout Tower |
| 35:33 | Scout Tower |
| 35:34 | Scout Tower |
| 35:34 | Scout Tower |
| 35:35 | Scout Tower |
| 35:35 | Scout Tower |
| 35:36 | Scout Tower |
| 35:37 | Scout Tower |
| 35:38 | Guard Tower |
| 35:41 | Scout Tower |
| 35:41 | Scout Tower |
| 35:42 | Scout Tower |
| 35:44 | Scout Tower |
| 35:45 | Scout Tower |
| 35:45 | Scout Tower |
| 35:46 | Scout Tower |
| 35:46 | Scout Tower |
| 35:46 | Scout Tower |
| 36:26 | Blizzard |
| 36:52 | Guard Tower |
| Select group | 2207 |
| Right click | 2010 |
| Select | 454 |
| Build/train/purchase | 215 |
| Use ability | 151 |
| Misc. action | 148 |
| Minimap ping | 52 |
| Resource trade | 24 |
| Chat | 21 |
| Item give/drop | 20 |
| Assign group | 13 |
| Esc | 2 |
294 units @ 48k
/ 8.5k
150 buildings @ 19k
/ 8.6k


| Ivory Tower | 3 | 120 |
| total: | 3 | 120g |
| Peasant | 32 | 2400 | / | 0 |
| Footman | 10 | 1350 | / | 0 |
| Gryphon Rider | 22 | 6160 | / | 1540 |
| Dragonhawk Rider | 3 | 600 | / | 90 |
| Rifleman | 7 | 1435 | / | 210 |
| Mortar Team | 4 | 720 | / | 280 |
| Siege Engine | 4 | 780 | / | 240 |
| total: | 82 | 13445g | / | 2360w |
| Scout Tower | 28 | 840 | / | 560 |
| Guard Tower | 11 | 770 | / | 550 |
| Arcane Tower | 3 | 210 | / | 150 |
| Altar of Kings | 1 | 180 | / | 50 |
| Farm | 20 | 1600 | / | 400 |
| Barracks | 2 | 320 | / | 120 |
| Lumber Mill | 4 | 480 | / | 0 |
| Town Hall | 1 | 385 | / | 205 |
| Blacksmith | 3 | 420 | / | 180 |
| Arcane Vault | 1 | 130 | / | 30 |
| Gryphon Aviary | 2 | 280 | / | 300 |
| Arcane Sanctum | 1 | 150 | / | 140 |
| Workshop | 1 | 140 | / | 140 |
| Keep | 4 | 1280 | / | 840 |
| Castle | 1 | 360 | / | 210 |
| total: | 64 | 4925g | / | 2125w |
| 0:02 | Peasant |
| 0:05 | Altar of Kings |
| 0:06 | Peasant |
| 0:09 | Farm |
| 0:13 | Farm |
| 0:17 | Peasant |
| 0:48 | Barracks |
| 0:53 | Peasant |
| 0:53 | Peasant |
| 0:58 | Farm |
| 1:23 | Farm |
| 1:29 | Lumber Mill |
| 1:31 | Peasant |
| 1:48 | Peasant |
| 1:53 | Footman |
| 1:55 | Footman |
| 2:10 | Summon Water Elemental |
| 2:21 | Peasant |
| 2:26 | Farm |
| 2:27 | Farm |
| 2:39 | Footman |
| 2:58 | Scout Tower |
| 3:05 | Footman |
| 3:06 | Defend |
| 3:19 | Farm |
| 3:37 | Guard Tower |
| 3:48 | Peasant |
| 3:52 | Footman |
| 3:52 | Footman |
| 4:32 | Blizzard |
| 4:54 | Keep |
| 5:49 | Town Hall |
| 6:03 | Scout Tower |
| 6:06 | Farm |
| 6:07 | Farm |
| 6:13 | Footman |
| 6:16 | Improved Masonry |
| 6:19 | Advanced Masonry |
| 6:28 | Blacksmith |
| 6:45 | Summon Water Elemental |
| 7:20 | Guard Tower |
| 7:24 | Farm |
| 8:36 | Footman |
| 8:36 | Footman |
| 8:37 | Footman |
| 8:58 | Gryphon Aviary |
| 9:01 | Improved Lumber Harvesting |
| 9:04 | Keep |
| 9:10 | Peasant |
| 9:10 | Peasant |
| 9:10 | Peasant |
| 9:16 | Iron Plating |
| 9:18 | Imbued Masonry |
| 9:47 | Studded Leather Armor |
| 9:48 | Black Gunpowder |
| 10:10 | Scout Tower |
| 10:31 | Scout Tower |
| 10:59 | Peasant |
| 11:00 | Peasant |
| 11:04 | Peasant |
| 11:04 | Peasant |
| 11:04 | Peasant |
| 11:06 | Castle |
| 11:21 | Arcane Vault |
| 11:25 | Long Rifles |
| 11:29 | Reinforced Leather Armor |
| 11:48 | Gryphon Aviary |
| 11:59 | Scout Tower |
| 12:02 | Scout Tower |
| 12:08 | Guard Tower |
| 12:13 | Peasant |
| 12:13 | Peasant |
| 12:13 | Peasant |
| 12:14 | Peasant |
| 12:14 | Peasant |
| 12:33 | Scout Tower |
| 12:35 | Ivory Tower |
| 12:43 | Ivory Tower |
| 12:50 | Guard Tower |
| 13:11 | Guard Tower |
| 13:13 | Arcane Tower |
| 13:15 | Guard Tower |
| 13:30 | Advanced Lumber Harvesting |
| 13:41 | Peasant |
| 13:41 | Peasant |
| 13:41 | Peasant |
| 13:45 | Gryphon Rider |
| 13:46 | Gryphon Rider |
| 14:02 | Scout Tower |
| 14:07 | Scout Tower |
| 14:15 | Animal War Training |
| 14:35 | Farm |
| 14:35 | Farm |
| 14:36 | Farm |
| 14:42 | Scout Tower |
| 14:49 | Ivory Tower |
| 15:17 | Farm |
| 15:19 | Farm |
| 15:23 | Farm |
| 15:25 | Storm Hammers |
| 15:26 | Gryphon Rider |
| 15:26 | Gryphon Rider |
| 15:26 | Gryphon Rider |
| 15:28 | Gryphon Rider |
| 15:28 | Gryphon Rider |
| 15:35 | Lumber Mill |
| 15:38 | Peasant |
| 15:38 | Peasant |
| 15:47 | Barracks |
| 15:49 | Farm |
| 15:51 | Guard Tower |
| 16:04 | Iron Forged Swords |
| 16:11 | Gryphon Rider |
| 16:12 | Gryphon Rider |
| 16:15 | Gryphon Rider |
| 16:41 | Gryphon Rider |
| 16:52 | Farm |
| 17:01 | Farm |
| 17:02 | Farm |
| 17:17 | Steel Forged Swords |
| 17:26 | Blacksmith |
| 17:31 | Scout Tower |
| 17:41 | Scout Tower |
| 17:41 | Scout Tower |
| 17:56 | Lumber Mill |
| 18:27 | Arcane Tower |
| 18:43 | Gryphon Rider |
| 18:43 | Gryphon Rider |
| 18:43 | Gryphon Rider |
| 18:43 | Gryphon Rider |
| 18:49 | Mithril Forged Swords |
| 18:56 | Blacksmith |
| 19:09 | Arcane Sanctum |
| 19:23 | Guard Tower |
| 19:34 | Holy Light |
| 20:10 | Peasant |
| 20:11 | Peasant |
| 20:11 | Peasant |
| 20:25 | Dragonhide Armor |
| 20:32 | Steel Plating |
| 20:42 | Lumber Mill |
| 21:48 | Scout Tower |
| 21:50 | Scout Tower |
| 21:50 | Scout Tower |
| 21:51 | Scout Tower |
| 21:51 | Scout Tower |
| 21:52 | Scout Tower |
| 21:52 | Scout Tower |
| 21:53 | Scout Tower |
| 23:03 | Gryphon Rider |
| 23:03 | Gryphon Rider |
| 23:49 | Gryphon Rider |
| 23:50 | Gryphon Rider |
| 24:03 | Guard Tower |
| 24:39 | Gryphon Rider |
| 25:03 | Dragonhawk Rider |
| 25:03 | Dragonhawk Rider |
| 25:03 | Dragonhawk Rider |
| 25:08 | Cloud |
| 25:19 | Gryphon Rider |
| 25:20 | Gryphon Rider |
| 25:34 | Guard Tower |
| 25:58 | Peasant |
| 25:58 | Peasant |
| 26:29 | Scout Tower |
| 26:30 | Scout Tower |
| 26:31 | Scout Tower |
| 26:31 | Scout Tower |
| 26:32 | Scout Tower |
| 26:33 | Scout Tower |
| 26:55 | Magic Sentry |
| 27:52 | Scout Tower |
| 28:00 | Guard Tower |
| 30:33 | Workshop |
| 30:40 | Refined Gunpowder |
| 31:49 | Rifleman |
| 31:49 | Rifleman |
| 31:50 | Rifleman |
| 31:50 | Rifleman |
| 31:50 | Rifleman |
| 31:50 | Rifleman |
| 31:50 | Rifleman |
| 31:58 | Devotion Aura |
| 32:00 | Brilliance Aura |
| 32:19 | Mortar Team |
| 32:20 | Mortar Team |
| 32:23 | Flare |
| 32:27 | Siege Engine |
| 32:41 | Mortar Team |
| 35:02 | Mortar Team |
| 35:33 | Barrage |
| 36:36 | Siege Engine |
| 36:37 | Siege Engine |
| 36:37 | Siege Engine |
| 37:02 | Arcane Tower |
| Right click | 1627 |
| Select | 814 |
| Build/train/purchase | 184 |
| Select group | 123 |
| Assign group | 76 |
| Misc. action | 19 |
| Use ability | 14 |
| Minimap ping | 14 |
| Remove unit | 9 |
| Esc | 8 |
| Item give/drop | 1 |

| Orb of Venom | 1 | 325 |
| Scroll of Town Portal | 3 | 1050 |
| total: | 4 | 1375g |
| Wisp | 70 | 4200 | / | 0 |
| Archer | 5 | 650 | / | 50 |
| Huntress | 6 | 1170 | / | 120 |
| Chimaera | 24 | 7920 | / | 1680 |
| total: | 105 | 13940g | / | 1850w |
| Ancient Protector | 14 | 1890 | / | 1120 |
| Altar of Elders | 1 | 180 | / | 50 |
| Moon Well | 9 | 1620 | / | 360 |
| Hunter's Hall | 1 | 210 | / | 100 |
| Ancient of War | 2 | 300 | / | 120 |
| Ancient of Wonders | 1 | 90 | / | 30 |
| Tree of Life | 3 | 1020 | / | 555 |
| Chimaera Roost | 2 | 280 | / | 380 |
| Tree of Ages | 1 | 320 | / | 180 |
| Tree of Eternity | 1 | 330 | / | 200 |
| total: | 33 | 5590g | / | 2715w |
| 0:03 | Altar of Elders |
| 0:05 | Moon Well |
| 0:06 | Wisp |
| 0:06 | Wisp |
| 0:11 | Wisp |
| 0:39 | Wisp |
| 1:00 | Hunter's Hall |
| 1:03 | Wisp |
| 1:10 | Wisp |
| 1:17 | Wisp |
| 1:23 | Wisp |
| 1:29 | Moon Well |
| 1:36 | Wisp |
| 1:41 | Wisp |
| 1:57 | Ancient of War |
| 1:58 | Wisp |
| 2:04 | Trueshot Aura |
| 2:14 | Wisp |
| 2:16 | Wisp |
| 2:20 | Moon Well |
| 2:26 | Wisp |
| 2:32 | Wisp |
| 3:03 | Tree of Ages |
| 3:18 | Archer |
| 3:31 | Archer |
| 4:11 | Huntress |
| 4:12 | Huntress |
| 4:15 | Reinforced Hides |
| 4:15 | Strength of the Wild |
| 4:30 | Huntress |
| 4:42 | Moon Well |
| 5:14 | Huntress |
| 5:15 | Archer |
| 5:25 | Wisp |
| 5:25 | Wisp |
| 5:37 | Ancient of Wonders |
| 6:04 | Scout |
| 6:13 | Wisp |
| 6:15 | Wisp |
| 6:15 | Wisp |
| 6:16 | Wisp |
| 6:22 | Huntress |
| 6:24 | Archer |
| 6:47 | Wisp |
| 6:47 | Wisp |
| 6:47 | Wisp |
| 6:51 | Wisp |
| 7:36 | Tree of Life |
| 8:07 | Trueshot Aura |
| 8:28 | Tree of Eternity |
| 8:30 | Huntress |
| 8:30 | Archer |
| 9:33 | Tree of Life |
| 9:44 | Scout |
| 10:11 | Improved Reinforced Hides |
| 10:12 | Improved Strength of the Wild |
| 10:16 | Moon Well |
| 10:22 | Tree of Life |
| 11:01 | Chimaera Roost |
| 11:03 | Wisp |
| 11:03 | Wisp |
| 11:03 | Wisp |
| 11:04 | Wisp |
| 11:04 | Wisp |
| 11:04 | Wisp |
| 11:04 | Wisp |
| 11:48 | Chimaera Roost |
| 12:18 | Ancient Protector |
| 12:26 | Wisp |
| 12:26 | Wisp |
| 12:26 | Wisp |
| 12:26 | Wisp |
| 12:28 | Wisp |
| 12:32 | Moon Well |
| 12:39 | Chimaera |
| 13:32 | Chimaera |
| 13:47 | Wisp |
| 13:48 | Wisp |
| 13:48 | Wisp |
| 13:48 | Wisp |
| 13:48 | Wisp |
| 13:48 | Wisp |
| 13:49 | Wisp |
| 13:56 | Advanced Reinforced Hides |
| 14:19 | Ancient Protector |
| 14:21 | Ancient Protector |
| 14:23 | Ancient Protector |
| 14:31 | Ancient Protector |
| 14:40 | Chimaera |
| 14:52 | Wisp |
| 14:57 | Ancient Protector |
| 15:16 | Ancient Protector |
| 15:20 | Wisp |
| 15:20 | Wisp |
| 15:42 | Ancient Protector |
| 16:34 | Wisp |
| 16:35 | Wisp |
| 16:35 | Wisp |
| 16:35 | Wisp |
| 16:36 | Corrosive Breath |
| 16:38 | Chimaera |
| 17:00 | Moon Well |
| 17:07 | Moon Well |
| 17:09 | Chimaera |
| 17:10 | Chimaera |
| 17:11 | Chimaera |
| 17:11 | Chimaera |
| 17:17 | Well Spring |
| 17:24 | Advanced Strength of the Wild |
| 17:27 | Moon Well |
| 17:52 | Wisp |
| 17:53 | Wisp |
| 17:57 | Chimaera |
| 17:58 | Chimaera |
| 18:30 | Ancient Protector |
| 18:34 | Ancient Protector |
| 18:36 | Wisp |
| 18:36 | Wisp |
| 18:36 | Wisp |
| 18:36 | Wisp |
| 18:46 | Chimaera |
| 18:55 | Orb of Venom |
| 18:57 | Scroll of Town Portal |
| 19:22 | Chimaera |
| 19:50 | Chimaera |
| 20:22 | Chimaera |
| 20:33 | Chimaera |
| 21:54 | Trueshot Aura |
| 22:38 | Chimaera |
| 24:28 | Chimaera |
| 24:28 | Chimaera |
| 25:06 | Chimaera |
| 25:06 | Chimaera |
| 25:06 | Chimaera |
| 28:41 | Ancient Protector |
| 28:44 | Ancient Protector |
| 28:47 | Ancient Protector |
| 28:52 | Ancient Protector |
| 28:54 | Wisp |
| 28:54 | Wisp |
| 28:54 | Wisp |
| 28:55 | Wisp |
| 28:55 | Wisp |
| 28:55 | Wisp |
| 28:55 | Wisp |
| 32:45 | Chimaera |
| 33:11 | Scroll of Town Portal |
| 33:11 | Scroll of Town Portal |
| 34:48 | Wisp |
| 34:48 | Wisp |
| 34:49 | Wisp |
| 34:49 | Wisp |
| 34:49 | Wisp |
| 34:49 | Wisp |
| 35:37 | Backpack |
| 35:39 | Ancient of War |
| 36:12 | Starfall |
| 36:23 | Chimaera |
| 36:54 | Chimaera |
| Right click | 1071 |
| Select | 585 |
| Select group | 476 |
| Build/train/purchase | 176 |
| Assign group | 45 |
| Use ability | 32 |
| Remove unit | 13 |
| Minimap ping | 8 |
| Item give/drop | 3 |
| Misc. action | 1 |
| Esc | 1 |


| Orb of Corruption | 1 | 375 |
| Potion of Healing | 1 | 150 |
| Scroll of Town Portal | 4 | 1400 |
| total: | 6 | 1925g |
| Acolyte | 19 | 1425 | / | 0 |
| Ghoul | 5 | 600 | / | 0 |
| Crypt Fiend | 3 | 645 | / | 120 |
| Obsidian Statue | 3 | 600 | / | 105 |
| Frost Wyrm | 16 | 6160 | / | 1920 |
| total: | 46 | 9430g | / | 2145w |
| Spirit Tower | 10 | 1450 | / | 400 |
| Ziggurat | 19 | 2850 | / | 950 |
| Altar of Darkness | 1 | 180 | / | 50 |
| Crypt | 1 | 200 | / | 50 |
| Graveyard | 1 | 215 | / | 0 |
| Tomb of Relics | 1 | 130 | / | 30 |
| Necropolis | 2 | 450 | / | 0 |
| Sacrificial Pit | 1 | 75 | / | 150 |
| Slaughterhouse | 2 | 280 | / | 270 |
| Boneyard | 2 | 350 | / | 400 |
| Halls of the Dead | 1 | 320 | / | 210 |
| Black Citadel | 1 | 325 | / | 230 |
| total: | 30 | 4730g | / | 1900w |
| 0:07 | Acolyte |
| 0:07 | Acolyte |
| 0:13 | Ziggurat |
| 0:17 | Ziggurat |
| 0:35 | Altar of Darkness |
| 0:46 | Crypt |
| 1:03 | Graveyard |
| 1:21 | Ziggurat |
| 1:51 | Ghoul |
| 2:06 | Ghoul |
| 2:15 | Ghoul |
| 2:30 | Ghoul |
| 2:38 | Tomb of Relics |
| 2:52 | Carrion Beetles |
| 2:59 | Crypt Fiend |
| 3:06 | Acolyte |
| 3:27 | Crypt Fiend |
| 3:42 | Crypt Fiend |
| 4:07 | Halls of the Dead |
| 5:06 | Spiked Carapace |
| 5:22 | Necropolis |
| 5:54 | Ziggurat |
| 5:57 | Ziggurat |
| 6:32 | Creature Attack |
| 6:35 | Black Citadel |
| 6:43 | Sacrificial Pit |
| 6:56 | Ziggurat |
| 6:59 | Ziggurat |
| 7:03 | Acolyte |
| 7:03 | Acolyte |
| 7:04 | Acolyte |
| 7:04 | Acolyte |
| 7:13 | Ghoul |
| 7:40 | Slaughterhouse |
| 7:59 | Slaughterhouse |
| 8:22 | Creature Carapace |
| 9:03 | Boneyard |
| 9:06 | Boneyard |
| 9:13 | Improved Creature Attack |
| 9:15 | Obsidian Statue |
| 9:19 | Death Coil |
| 9:24 | Orb of Corruption |
| 9:26 | Potion of Healing |
| 10:10 | Spiked Carapace |
| 10:32 | Frost Wyrm |
| 10:35 | Frost Wyrm |
| 10:37 | Improved Creature Carapace |
| 10:39 | Obsidian Statue |
| 11:00 | Ziggurat |
| 11:40 | Frost Wyrm |
| 11:42 | Frost Wyrm |
| 12:16 | Frost Wyrm |
| 12:18 | Advanced Creature Carapace |
| 12:20 | Frost Wyrm |
| 12:32 | Scroll of Town Portal |
| 12:50 | Spirit Tower |
| 13:38 | Advanced Creature Attack |
| 14:08 | Impale |
| 14:20 | Spirit Tower |
| 14:40 | Acolyte |
| 14:41 | Acolyte |
| 14:41 | Acolyte |
| 14:57 | Ziggurat |
| 15:02 | Ziggurat |
| 15:06 | Unholy Aura |
| 15:31 | Scroll of Town Portal |
| 17:16 | Unholy Aura |
| 18:15 | Frost Wyrm |
| 18:17 | Frost Wyrm |
| 18:17 | Freezing Breath |
| 19:24 | Spiked Carapace |
| 23:06 | Frost Wyrm |
| 23:07 | Frost Wyrm |
| 23:24 | Death Coil |
| 25:28 | Necropolis |
| 27:05 | Ziggurat |
| 27:11 | Ziggurat |
| 27:15 | Ziggurat |
| 27:22 | Ziggurat |
| 27:25 | Ziggurat |
| 27:41 | Spirit Tower |
| 27:42 | Spirit Tower |
| 27:44 | Spirit Tower |
| 27:58 | Acolyte |
| 27:59 | Acolyte |
| 27:59 | Acolyte |
| 27:59 | Acolyte |
| 28:12 | Spirit Tower |
| 28:14 | Spirit Tower |
| 28:16 | Spirit Tower |
| 28:23 | Ziggurat |
| 28:26 | Ziggurat |
| 28:28 | Ziggurat |
| 28:32 | Ziggurat |
| 30:05 | Frost Wyrm |
| 30:05 | Frost Wyrm |
| 30:08 | Frost Wyrm |
| 30:08 | Frost Wyrm |
| 30:15 | Obsidian Statue |
| 30:44 | Acolyte |
| 30:45 | Acolyte |
| 30:45 | Acolyte |
| 30:45 | Acolyte |
| 30:45 | Acolyte |
| 31:39 | Spirit Tower |
| 31:41 | Spirit Tower |
| 32:02 | Scroll of Town Portal |
| 32:25 | Frost Wyrm |
| 32:27 | Destroyer Form |
| 32:30 | Frost Wyrm |
| 33:56 | Scroll of Town Portal |
| Right click | 643 |
| Select | 310 |
| Build/train/purchase | 95 |
| Misc. action | 26 |
| Use ability | 20 |
| Resource trade | 6 |
| Item give/drop | 4 |
| Remove unit | 1 |

| Rod of Necromancy | 1 | 150 |
| Orb of Corruption | 1 | 375 |
| total: | 2 | 525g |
| Acolyte | 17 | 1275 | / | 0 |
| Ghoul | 6 | 720 | / | 0 |
| Crypt Fiend | 15 | 3225 | / | 600 |
| Banshee | 7 | 1085 | / | 210 |
| Frost Wyrm | 8 | 3080 | / | 960 |
| Meat Wagon | 8 | 1840 | / | 400 |
| total: | 61 | 11225g | / | 2170w |
| Nerubian Tower | 2 | 200 | / | 40 |
| Spirit Tower | 1 | 145 | / | 40 |
| Altar of Darkness | 1 | 180 | / | 50 |
| Crypt | 1 | 200 | / | 50 |
| Ziggurat | 8 | 1200 | / | 400 |
| Graveyard | 1 | 215 | / | 0 |
| Tomb of Relics | 1 | 130 | / | 30 |
| Necropolis | 3 | 675 | / | 0 |
| Slaughterhouse | 2 | 280 | / | 270 |
| Sacrificial Pit | 1 | 75 | / | 150 |
| Temple of the Damned | 2 | 310 | / | 280 |
| Boneyard | 3 | 525 | / | 600 |
| Halls of the Dead | 2 | 640 | / | 420 |
| Black Citadel | 1 | 325 | / | 230 |
| total: | 23 | 3790g | / | 1830w |
| 0:12 | Acolyte |
| 0:12 | Acolyte |
| 0:17 | Altar of Darkness |
| 0:22 | Crypt |
| 0:40 | Ziggurat |
| 1:17 | Graveyard |
| 1:26 | Ghoul |
| 1:27 | Ghoul |
| 1:33 | Ghoul |
| 1:39 | Acolyte |
| 1:56 | Tomb of Relics |
| 2:10 | Ghoul |
| 2:36 | Black Arrow |
| 2:59 | Crypt Fiend |
| 2:59 | Crypt Fiend |
| 3:00 | Crypt Fiend |
| 3:05 | Ziggurat |
| 3:10 | Rod of Necromancy |
| 3:30 | Crypt Fiend |
| 4:07 | Crypt Fiend |
| 4:10 | Halls of the Dead |
| 5:31 | Crypt Fiend |
| 5:36 | Ziggurat |
| 5:37 | Ziggurat |
| 5:46 | Silence |
| 6:19 | Nerubian Tower |
| 6:21 | Creature Attack |
| 7:16 | Black Arrow |
| 7:26 | Improved Creature Attack |
| 7:31 | Slaughterhouse |
| 7:36 | Sacrificial Pit |
| 7:43 | Temple of the Damned |
| 7:48 | Web |
| 7:52 | Creature Carapace |
| 9:44 | Ghoul |
| 9:44 | Ghoul |
| 10:43 | Acolyte |
| 10:44 | Acolyte |
| 10:44 | Acolyte |
| 10:44 | Acolyte |
| 10:47 | Acolyte |
| 11:03 | Banshee Adept Training |
| 11:07 | Banshee |
| 11:07 | Banshee |
| 11:07 | Banshee |
| 11:09 | Banshee |
| 11:39 | Crypt Fiend |
| 11:52 | Necropolis |
| 12:02 | Ziggurat |
| 12:04 | Ziggurat |
| 12:25 | Black Citadel |
| 12:56 | Life Drain |
| 13:36 | Temple of the Damned |
| 13:43 | Nerubian Tower |
| 13:45 | Spirit Tower |
| 14:13 | Crypt Fiend |
| 14:13 | Crypt Fiend |
| 14:14 | Crypt Fiend |
| 14:14 | Crypt Fiend |
| 14:14 | Crypt Fiend |
| 14:14 | Crypt Fiend |
| 14:14 | Crypt Fiend |
| 14:15 | Crypt Fiend |
| 14:18 | Improved Creature Carapace |
| 14:28 | Banshee |
| 14:29 | Banshee |
| 14:49 | Banshee Master Training |
| 15:01 | Boneyard |
| 15:06 | Boneyard |
| 15:12 | Boneyard |
| 16:11 | Advanced Creature Attack |
| 16:17 | Freezing Breath |
| 17:07 | Frost Wyrm |
| 17:45 | Frost Wyrm |
| 17:53 | Ziggurat |
| 18:58 | Advanced Creature Carapace |
| 19:30 | Frost Wyrm |
| 19:40 | Necropolis |
| 20:22 | Banshee |
| 20:31 | Unholy Armor |
| 21:07 | Slaughterhouse |
| 22:22 | Frost Wyrm |
| 22:23 | Frost Wyrm |
| 23:30 | Exhume Corpses |
| 25:05 | Frost Wyrm |
| 26:24 | Frost Wyrm |
| 28:06 | Unholy Strength |
| 28:06 | Improved Unholy Armor |
| 28:09 | Frost Wyrm |
| 28:53 | Acolyte |
| 28:54 | Acolyte |
| 28:54 | Acolyte |
| 28:54 | Acolyte |
| 28:55 | Acolyte |
| 29:10 | Ziggurat |
| 29:15 | Necropolis |
| 30:15 | Meat Wagon |
| 30:15 | Meat Wagon |
| 30:15 | Meat Wagon |
| 30:15 | Meat Wagon |
| 30:28 | Black Arrow |
| 31:43 | Acolyte |
| 31:43 | Acolyte |
| 31:43 | Acolyte |
| 31:43 | Acolyte |
| 32:11 | Meat Wagon |
| 32:56 | Orb of Corruption |
| 33:53 | Meat Wagon |
| 33:53 | Meat Wagon |
| 33:53 | Meat Wagon |
| Right click | 731 |
| Select | 456 |
| Select group | 132 |
| Build/train/purchase | 108 |
| Assign group | 19 |
| Use ability | 14 |
| Misc. action | 10 |
| Remove unit | 8 |
| Minimap ping | 5 |
| Item give/drop | 2 |